 Dungeon Crawl Stone Soup version 0.19-a0-1025-g778f431 (webtiles) character file.

7740 4thArraOfDagon the Severer (level 11, -4/88 HPs)
             Began as a Minotaur Berserker on July 28, 2016.
             Was a Priest of Trog.
             Slain by a komodo dragon (17 damage)
             ... on level 5 of the Lair of Beasts.
             The game lasted 00:14:05 (2172 turns).

4thArraOfDagon the Severer (Minotaur Berserker)     Turns: 2172, Time: 00:14:06

Health: -4/88      AC: 11    Str: 24    XL:     11   Next: 0%
Magic:  10/10      EV: 14    Int:  4    God:    Trog [***...]
Gold:   206        SH:  0    Dex: 11    Spells: 0 memorised, 10 levels left

rFire  . . .     SeeInvis .     m - +3 battleaxe (freeze)
rCold  . . .     Gourm    .     l - +2 scale mail {rPois}
rNeg   . . .     Faith    .     (shield currently unavailable)
rPois  +         Spirit   .     (helmet restricted)
rElec  .         Dismiss  .     (no cloak)
rCorr  +         Reflect  .     (no gloves)
SustAt .         Harm     .     (no boots)
MR     .....                    (no amulet)
Stlth  ..........               I - ring of resist corrosion
                                p - +3 ring of evasion

@: exhausted, slowed, very slow, not resistant to hostile enchantments,
extremely unstealthy
A: retaliatory headbutt, horns 2
a: Berserk, Trog's Hand, Burn Spellbooks, Renounce Religion


You were on level 5 of the Lair of Beasts.
You worshipped Trog.
Trog was most pleased with you.
You were not hungry.

You visited 2 branches of the dungeon, and saw 15 of its levels.
You also visited: Ossuary.

You collected 206 gold pieces.

Inventory:

Hand Weapons
 a - a +0 hand axe
 m - a +3 battleaxe of freezing (weapon)
Armour
 b - a +0 animal skin
 l - a +2 scale mail of poison resistance (worn)
 o - a +0 chain mail
 t - a +0 ring mail
 A - a +0 plate armour
Jewellery
 p - a +3 ring of evasion (left hand)
 s - an uncursed ring of see invisible
 B - an uncursed ring of protection from cold
 I - a ring of resist corrosion (right hand)
Wands
 k - a wand of acid (4/15)
 w - a wand of flame (29/48)
 C - a wand of flame (17/48)
Scrolls
 d - 2 scrolls of teleportation {unknown}
 e - 2 scrolls of noise {unknown}
 f - a scroll of identify
 g - a scroll of enchant armour {unknown}
 h - 3 scrolls of magic mapping {unknown}
 i - a scroll of random uselessness {unknown}
 q - a scroll of recharging {unknown}
 v - 2 scrolls of immolation
 x - 3 scrolls of remove curse
 y - a scroll of fear {unknown}
 D - a scroll of brand weapon
 F - a scroll of holy word
Potions
 j - 6 potions of flight
 u - a potion of brilliance
Books
 r - a book of Callings

   Spells                             Type                      Level
   a - Summon Small Mammal            Summoning                    1
   b - Call Imp                       Summoning                    2
   c - Call Canine Familiar           Summoning                    3
   d - Summon Guardian Golem          Hexes/Summoning              3
   e - Summon Lightning Spire         Summoning/Air                4
   f - Summon Ice Beast               Ice/Summoning                4
   Trog disapproves of the use of such an item.
 z - a book of Clouds

   Spells                             Type                      Level
   a - Mephitic Cloud                 Conjuration/Poison/Air       3
   b - Conjure Flame                  Conjuration/Fire             3
   c - Poisonous Cloud                Conjuration/Poison/Air       6
   d - Freezing Cloud                 Conjuration/Ice/Air          6
   e - Ring of Flames                 Charms/Fire                  7
   Trog disapproves of the use of such an item.
Comestibles
 c - 8 bread rations
 n - 3 meat rations
 G - a beef jerky
 H - 4 chunks of flesh


   Skills:
 + Level 5.4 Fighting
 * Level 15.7 Axes
 + Level 11.3 Armour
 - Level 2.1 Dodging


You had 10 spell levels left.
You didn't know any spells.

Dungeon Overview and Level Annotations

Branches:
Dungeon (9/15)               Lair (6/6) D:9
 Temple: D:4-7        Swamp: Lair:2-4    Shoals: Lair:2-4     Snake: Lair:2-4
 Spider: Lair:2-4     Slime: Lair:5-6       Orc: D:9-12

Altars:
Ashenzari
Nemelex Xobeh
Uskayaw

Shops:
D:6 :

Annotations:
Lair:2 Sonja
Lair:4 4thArraOfDagon's ghost, journeyman MiBe


Innate Abilities, Weirdness & Mutations

You reflexively headbutt those who attack you in melee.
You have a pair of horns on your head.


Message History

The komodo dragon completely misses you.
You furiously retaliate!
You headbutt the komodo dragon! You barely miss the komodo dragon.
The komodo dragon is heavily wounded.
The komodo dragon barely misses you. You furiously retaliate!
You headbutt the komodo dragon. The komodo dragon bites you!!
* * * LOW HITPOINT WARNING * * *
Unknown command.
Okay, then.
Unknown command.
Okay, then.
Unknown command.
You feel better. The spiny frog barely misses you. You furiously retaliate!
You headbutt the spiny frog, but do no damage.
The komodo dragon barely misses you. The spiny frog closely misses you.
Unknown command.
The komodo dragon bites you!
* * * LOW HITPOINT WARNING * * *
The komodo dragon bites you!
You die...

.#..............
.................
.................
.................
.................
.......?..........
#.....l..........
#.@F.........
#.#..........
#.#...##.....
#.P..........
#.PP........>
#P.(.>.......
##....).......
#.............
##............


You could see a komodo dragon and a spiny frog.

Vanquished Creatures
  Josephine (Lair:5)
  A black mamba (Lair:1)
  2 spiny frogs
  A rime drake (Lair:2)
  2 two-headed ogres (D:9)
  Grinder (D:4)
  A blink frog (Lair:4)
  A wyvern (D:8)
  A spriggan (D:9)
  3 wraiths (Lair:5)
  A steam dragon (D:8)
  2 hippogriffs
  5 water moccasins
  3 porcupines (Lair:4)
  3 orc warriors
  2 phantoms
  6 wolves (Lair:2)
  A necrophage (D:9)
  An ogre (D:8)
  6 crocodiles
  8 giant frogs
  3 wights (D:7)
  3 howler monkeys (D:8)
  2 centaur zombies (D:8)
  4 hounds
  A jelly (D:9)
  A giant frog skeleton (D:8)
  An orc priest (D:7)
  10 orc wizards
  An iguana (Lair:2)
  A worker ant (D:7)
  A howler monkey skeleton (D:8)
  6 river rats
  An ooze (D:1)
  3 giant geckos
  8 orcs
  5 bats
  2 giant cockroaches
  5 goblins
  3 hobgoblins
  A quokka (D:8)
  6 kobolds
  3 rats
  A fungus (D:9)
124 creatures vanquished.

Vanquished Creatures (others)
  A hippogriff (Lair:4)
  An orc wizard (D:4)
  A fungus (Lair:5)
3 creatures vanquished.

Grand Total: 127 creatures vanquished

Notes
Turn   | Place    | Note
-------+----------+-------------------------------------------
     0 | D:1      | 4thArraOfDagon the Minotaur Berserker began the quest for the Orb.
     0 | D:1      | Reached XP level 1. HP: 19/19 MP: 0/0
    65 | D:1      | Reached skill level 4 in Axes
    69 | D:1      | Reached XP level 2. HP: 15/26 MP: 1/1
   299 | D:3      | Found a hide-covered altar of Uskayaw.
   329 | D:3      | Reached XP level 3. HP: 25/31 MP: 2/2
   346 | D:3      | Noticed a giant frog
   351 | D:3      | Killed a giant frog
   351 | D:3      | Reached ** piety under Trog
   351 | D:3      | Reached skill level 5 in Axes
   351 | D:3      | Reached XP level 4. HP: 39/39 MP: 3/3
   440 | D:4      | Noticed Grinder
   454 | D:4      | Killed Grinder
   454 | D:4      | Reached skill level 7 in Axes
   454 | D:4      | Reached XP level 5. HP: 45/45 MP: 4/4
   454 | D:4      | Reached XP level 6. HP: 51/51 MP: 5/5
   461 | D:5      | Entered Level 5 of the Dungeon
   509 | D:4      | Reached skill level 5 in Armour
   522 | D:4      | FUCKEr
   597 | D:5      | Reached skill level 8 in Axes
   598 | D:5      | Reached XP level 7. HP: 48/57 MP: 6/6
   703 | D:6      | Found Qak Umae's Book Boutique.
   719 | D:7      | Found a shattered altar of Ashenzari.
   753 | D:7      | Reached skill level 9 in Axes
   771 | D:7      | Found a sparkling altar of Nemelex Xobeh.
   863 | D:8      | Reached XP level 8. HP: 53/64 MP: 7/7
   909 | D:7      | Reached skill level 10 in Axes
   987 | D:8      | Reached skill level 11 in Axes
   989 | D:8      | Found a sand-covered staircase.
  1013 | Ossuary  | Entered an ossuary
  1062 | D:8      | ololoev: lol this guys do it near starving slow exhauster at 50% hp why I die too much?
  1117 | D:8      | Reached skill level 12 in Axes
  1117 | D:8      | Reached XP level 9. HP: 70/70 MP: 8/8
  1186 | D:8      | ReniFell: luck things
  1232 | D:9      | ololoev: I was luck thing!
  1235 | D:9      | ololoev: !!
  1278 | D:9      | Reached skill level 13 in Axes
  1294 | D:9      | Found a staircase to the Lair.
  1309 | D:9      | ReniFell: was!
  1319 | Lair:1   | Entered Level 1 of the Lair of Beasts
  1347 | Lair:1   | Reached *** piety under Trog
  1370 | Lair:1   | Noticed a black mamba
  1376 | Lair:1   | Killed a black mamba
  1450 | Lair:2   | Reached skill level 10 in Armour
  1502 | Lair:2   | Noticed a spiny frog
  1514 | Lair:2   | Killed a spiny frog
  1514 | Lair:2   | Reached skill level 14 in Axes
  1514 | Lair:2   | Reached XP level 10. HP: 57/76 MP: 9/9
  1577 | Lair:2   | Noticed Sonja
  1583 | Lair:2   | You fall through a shaft for 2 floors!
  1609 | Lair:5   | Noticed a spiny frog
  1659 | Lair:4   | ololoev: >4thArraOfDagon the Clever
  1660 | Lair:4   | ololoev: >Int: 4
  1819 | Lair:4   | Noticed 4thArraOfDagon's ghost (journeyman MiBe)
  1901 | Lair:4   | Reached skill level 15 in Axes
  2004 | Lair:5   | Noticed a spiny frog
  2015 | Lair:5   | Killed a spiny frog
  2073 | Lair:5   | You fall through a shaft!
  2073 | Lair:6   | Entered Level 6 of the Lair of Beasts
  2074 | Lair:6   | Sapher: nice floor to explore
  2099 | Lair:6   | Noticed a six-headed hydra
  2107 | Lair:6   | Noticed an eight-headed hydra
  2130 | Lair:5   | Noticed Josephine
  2140 | Lair:5   | Killed Josephine
  2140 | Lair:5   | Reached skill level 5 in Fighting
  2156 | Lair:5   | Reached XP level 11. HP: 88/88 MP: 10/10
  2172 | Lair:5   | Slain by a komodo dragon

Vault maps used:
D:1:      dpeg_arrival_erosion
D:2:      marbit_many_paths, uniq_sigmund
D:3:      eat_drink_and_be_merry_uskayaw, uniq_terence
D:4:      kennysheep_six_static_rooms, minmay_guarded_unrand_vampires_tooth,
          uniq_grinder
D:5:      first_bread
D:6:      gammafunk_temple_overflow_wave, serial_shops, shop, dk_vineyard_1
D:7:      kennysheep_little_box, kennysheep_mini
D:8:      nicolae_ossuary_entry_monument
D:9:      old_standard_altar, dpeg_oklobed_lair, basic_altar, the_bakery
Lair:1:   lemuel_fruit_fields, lemuel_fruit_fields
Lair:2:   nicolae_spider_entry_orb_guardian, uniq_sonja
Lair:4:   elwin_shoals_entry_rooms
Lair:5:   kennysheep_catoblepas_arena, uniq_josephine
Lair:6:   wormcave, hangedman_lair_caniforms_friends,
          nicolae_slime_entry_slimehenge
Ossuary:  ossuary_zaba_two_paths

Skill      XL: |  1  2  3  4  5  6  7  8  9 10 |
---------------+-------------------------------+-----
Axes           | 4 5 7 8 9 12 14 15 | 15.7
Armour         | 3 4 5 6 8 10 11 | 11.3
Fighting       | 5 |  5.4
Dodging        | |  2.1

Action                   |  1- 3 |  4- 6 |  7- 9 | 10-12 || total
-------------------------+-------+-------+-------+-------++-------
Melee: Hand axe          |    33 |    44 |    11 |       ||    88
       Headbutt          |     5 |     7 |    20 |    13 ||    45
       Battleaxe         |       |       |   114 |    80 ||   194
Invok: Berserk           |     2 |     3 |    11 |     1 ||    17
       Trog's Hand       |       |     4 |     2 |     5 ||    11
Evoke: Wand              |       |       |       |     1 ||     1
  Use: Potion            |     1 |     4 |       |     4 ||     9
       Scroll            |       |       |     4 |     3 ||     7
  Eat: Chunk             |       |     4 |    11 |       ||    15
       Fruit             |       |     1 |    13 |       ||    14
Armor: Animal skin       |    13 |     2 |       |       ||    15
       Ring mail         |       |    25 |     2 |       ||    27
       Chain mail        |       |       |    13 |       ||    13
       Plate armour      |       |       |    60 |     6 ||    66
       Scale mail        |       |       |       |    20 ||    20
Dodge: Dodged            |    35 |    49 |    83 |    77 ||   244
